 Dungeon Crawl Stone Soup version 0.31.0-4-g52a2dc7128 (webtiles) character file.

Game seed: 2572358584214976032

9781 ziltoid91 the Thaumaturge (level 11, 0/74 HPs)
             Began as a Gnoll Alchemist on Jan 22, 2024.
             Was a Follower of Hepliaklqana.
             Slain by a cane toad (14 damage)
             ... on level 8 of the Dungeon.
             The game lasted 01:33:16 (11519 turns).

ziltoid91 the Thaumaturge (Gnoll Alchemist)        Turns: 11519, Time: 01:33:17

Health: 0/74       AC: 19    Str: 12    XL:     11   Next: 51%
Magic:  18/23      EV: 13    Int: 14    God:    Hepliaklqana [*.....]
Gold:   216        SH:  0    Dex: 13    Spells: 14/26 levels left

rFire   . . .        b - +7 dire flail (freeze)
rCold   . . .        (shield currently unavailable)
rNeg    + . .        B - +4 ring mail
rPois   +            (no helmet)
rElec   .            E - +1 cloak
rCorr   .            u - +0 pair of gloves
SInv    .            L - +0 pair of boots
Will    .....        (no amulet)
Stlth   +++          p - ring of poison resistance
HPRegen 0.32/turn    t - ring "Viosmini" {rN+ AC+4}
MPRegen 0.18/turn

%: no passive effects
@: marked
A: reduced essence, fangs 1, strong nose, distributed training
a: Renounce Religion, Recall Ancestor, Ancestor Identity


You were on level 8 of the Dungeon.
You worshipped Hepliaklqana.
Hepliaklqana was aware of your devotion.
You visited 3 branches of the dungeon, and saw 10 of its levels.
You also visited: Ossuary and Bailey.

You collected 453 gold pieces.
You spent 237 gold pieces at shops.

Inventory:

Hand Weapons
 a - a +1 sling
 b - a +7 dire flail of freezing (weapon)
 N - a +1 whip of electrocution
 Q - a +4 hand axe
Missiles
 d - 4 boomerangs (quivered)
 h - 5 poisoned darts
 s - 4 curare-tipped darts
Armour
 u - a +0 pair of gloves (worn)
 y - the +0 cloak of Luesanna {+Inv}
   (You bought it in a shop on level 4 of the Dungeon)

   +Inv:      It lets you turn invisible.
 B - a +4 ring mail (worn)
 E - a +1 cloak (worn)
 L - a +0 pair of boots (worn)
 R - a scarf of resistance
Magical Staves
 M - a staff of conjuration
Jewellery
 j - a ring of wizardry
 p - a ring of poison resistance (left hand)
 t - the ring "Viosmini" (right hand) {rN+ AC+4}
   (You took it off an orc on level 8 of the Dungeon)

   [ring of protection]

   AC+4:      It affects your AC (+4).
   rN+:       It protects you from negative energy.
 A - a ring of fire
 C - a ring of magical power
 F - a +4 ring of protection
 O - a ring of positive energy
Wands
 H - a wand of digging (5)
 W - a wand of light (8)
 Y - a wand of flame (9)
Scrolls
 q - 5 scrolls of teleportation
 v - 2 scrolls of poison
 w - a scroll of amnesia
 x - 2 scrolls of fog
 S - 2 scrolls of enchant armour
 T - 3 scrolls of enchant weapon
 U - a scroll of brand weapon
 V - 3 scrolls of summoning
 X - a scroll of fear
Potions
 c - 2 potions of magic
 e - a potion of berserk rage {unknown}
 f - 2 potions of haste
 g - a potion of invisibility {unknown}
 i - 3 potions of lignification {unknown}
 k - a potion of ambrosia {unknown}
 l - 3 potions of might {unknown}
 n - 2 potions of degeneration {unknown}
 o - 5 potions of curing
 r - 2 potions of enlightenment {unknown}
 z - 3 potions of mutation {unknown}
 D - 4 potions of cancellation {unknown}
 I - a potion of brilliance {unknown}
 K - a potion of resistance {unknown}


   Skills:
 + Level 6.6 Fighting
 + Level 6.6 Short Blades
 + Level 6.6 Long Blades
 + Level 6.6 Axes
 + Level 6.6 Maces & Flails
 + Level 6.6 Polearms
 + Level 6.6 Staves
 + Level 6.6 Ranged Weapons
 + Level 6.6 Throwing
 + Level 6.6 Armour
 + Level 8.1 Dodging
 + Level 7.9 Stealth
 + Level 6.6 Shields
 + Level 6.6 Unarmed Combat
 + Level 8.4 Spellcasting
 + Level 5.9 Conjurations
 + Level 5.4 Hexes
 + Level 5.4 Summonings
 + Level 5.4 Necromancy
 + Level 5.4 Translocations
 + Level 5.4 Fire Magic
 + Level 5.4 Ice Magic
 + Level 5.4 Air Magic
 + Level 5.4 Earth Magic
 + Level 7.8 Alchemy
 + Level 7.2 Invocations
 + Level 6.6 Evocations
 + Level 6.0 Shapeshifting


You had 14 spell levels left.
You knew the following spells:

 Your Spells              Type           Power      Damage    Failure   Level
a - Sting                 Conj/Alch      100%       1d9       1%          1
b - Mercury Vapours       Alch/Air       48%        N/A       2%          2
c - Scorch                Fire           42%        2d6       4%          2
d - Mephitic Cloud        Conj/Alch/Air  23%        N/A       5%          3
e - Olgreb's Toxic Radia  Alch           27%        N/A       10%         4

Your spell library contained the following spells:

 Spells                   Type           Power      Damage    Failure   Level
 Kiss of Death            Conj/Necr      84%        2d11      2%          1
 Ensorcelled Hibernation  Hex/Ice        42%        N/A       4%          2
 Confusing Touch          Hex            21%        N/A       8%          3
 Frozen Ramparts          Ice            42%        1d7       8%          3
 Fugue of the Fallen      Necr           21%        N/A       8%          3
 Volatile Blastmotes      Fire/Tloc      42%        2d13      8%          3
 Fulminant Prism          Conj/Alch      12%        3d8       14%         4
 Leda's Liquefaction      Alch/Erth      12%        N/A       16%         4
 Petrify                  Alch/Erth      24%        N/A       16%         4
 Sticky Flame             Fire/Alch      24%        2d6       16%         4
 Flame Wave               Conj/Fire      21%        2d8       24%         4
 Iskenderun's Mystic Bla  Conj/Tloc      21%        2d6       24%         4
 Anguish                  Hex/Necr       10%        N/A       26%         4
 Dispel Undead            Necr           21%        3d11      26%         4
 Passage of Golubria      Tloc           21%        N/A       26%         4
 Metabolic Englaciation   Hex/Ice        10%        N/A       58%         5
 Silence                  Hex/Air        10%        N/A       58%         5
 Summon Cactus Giant      Summ           10%        N/A       99%         6
 Lehudib's Crystal Spear  Conj/Erth      10%        10d4      100%        8


Dungeon Overview and Level Annotations

Branches:
Dungeon (8/15)             Temple (1/1) D:7            Lair (1/5) D:8
Ossuary (visited)          Bailey (visited)

Altars:
Ashenzari
Cheibriados
Dithmenos
Elyvilon
Fedhas
Gozag
Hepliaklqana
Kikubaaqudgha
Makhleb
Nemelex Xobeh
Okawaru
Qazlal
Ru
Sif Muna
Trog
Uskayaw
Vehumet
Wu Jian
Xom
Yredelemnul
Zin
The Shining One

Shops:
D:4 *


Innate Abilities, Weirdness & Mutations

Your life essence is reduced to manifest your ancestor. (-10% HP)
You have very sharp teeth.
Your uncanny sense of smell can sniff out nearby items.
Your experience applies equally to all skills.


Message History

You feel much better.
You feel very sick. The cane toad closely misses you.
Eidolon hits the cane toad.
You feel sick.
You feel sick.
The blink frog looks more healthy.
The blink frog blinks!
You feel sick.
The cane toad attacks as it pursues you!
The cane toad stings you.
You feel sick.
The cane toad attacks as it pursues you!
The cane toad stings you.
You are more poisoned.
The cane toad poisons you!
You feel very sick.
The blink frog blinks!
The cane toad stings you.
You feel very sick.
The blink frog looks more healthy.
The blink frog hits Eidolon!
Eidolon hits the blink frog.
There is a staircase back to the Dungeon, spattered with blood here.
You feel very sick.
The blink frog blinks!
The blink frog barely misses Eidolon.
The cane toad stings you!
* * * LOW HITPOINT WARNING * * *
Eidolon closely misses the blink frog.
You climb upwards.
Welcome back to the Dungeon!
You feel very sick.
There is a staircase to the Lair, spattered with blood here.
You feel better.
The cane toad stings you but does no damage.
Eidolon is recalled.
The cane toad misses you.
Casting: Olgreb's Toxic Radiance (dangerous; 10% risk of failure)
Confirm with . or Enter, or press ? or * to list all spells.
Flames lash the cane toad.
The cane toad is moderately wounded.
The cane toad's fire resistance burns away.
The cane toad stings you.
* * * LOW HITPOINT WARNING * * *
The cane toad stings you!
You die...

..........###.......#[.......# #.
..)..............)..[........# #.
..............~....).........# #.
...........~..~≈~.≈~..~~.....###.
...........≈≈~≈≈~~≈~~≈≈~~~.....#.
..[.........~~≈~..[~~≈≈≈~~~..#)..
#####.....)~~≈..~...~~≈≈.....###.
#.#.~~~[~~~.R..~.~≈~~~~..# ##
#.#...~~≈≈..@............#
#...~≈.~≈~~F.....~~~~~≈..#
#.....~≈≈~.~..~..≈~≈≈≈~..#
#.#..~.≈≈~~≈≈~~~~.≈~≈~...#
#.#...~~≈≈≈≈≈~≈≈≈≈.~≈~...#
#####.#..~~.~≈≈≈≈≈≈≈~~..~.~..#
....#.#......~≈≈≈≈≈≈..~.~.~..#
###.#.#.....≈~~~~~≈..........#
.##.#.#.#÷#.#.....#######.#.#####


You could see the friendly Eidolon the ancestor and a cane toad (combustible,
ally target).

Vanquished Creatures
  Pikel (D:5)
  3 orc knights (Bailey)
  6 elephants
  2 black mambas
  Maggie (D:7)
  A komodo dragon (Lair:1)
  A troll (D:8)
  6 yaks (D:8)
  A wyvern (D:8)
  A wraith (D:8)
  A steam dragon (D:8)
  Edmund (D:5)
  A water moccasin (D:8)
  A black bear (D:8)
  An ice beast (D:6)
  5 orc warriors
  2 wolves (D:8)
  2 centaurs (D:8)
  An ogre (D:6)
  A lemure (D:5)
  4 bullfrogs
  An elf zombie (Ossuary)
  A gnoll sergeant (D:8)
  2 scorpions (D:4)
  A burial acolyte (Ossuary)
  5 wights (D:6)
  3 electric eels (D:8)
  2 centaur zombies (Ossuary)
  A jelly (D:8)
  A spectral scorpion (Ossuary)
  5 orc priests
  A gnoll bouda (D:6)
  8 hounds
  2 human zombies (Ossuary)
  3 iguanas
  7 orc wizards
  A hound zombie (Ossuary)
  3 mummies (Ossuary)
  11 gnolls
  7 adders
  A shadow imp (D:8)
  2 white imps
  4 adder zombies (Ossuary)
  38 orcs
  3 endoplasms
  3 giant cockroaches (D:2)
  A gnoll zombie (Ossuary)
  6 goblins
  7 hobgoblins
  2 kobolds
  4 quokkas
  5 ball pythons
  8 ball python zombies (Ossuary)
  2 bats
  3 frilled lizards
  2 jackal zombies (Ossuary)
  5 kobold zombies (Ossuary)
  5 rats
209 creatures vanquished.

Notes
Turn   | Place    | Note
-------+----------+-------------------------------------------
     0 | D:1      | ziltoid91 the Gnoll Alchemist began the quest for the Orb.
     0 | D:1      | Reached XP level 1. HP: 13/13 MP: 6/6
   183 | D:1      | Reached XP level 2. HP: 19/19 MP: 4/7
   428 | D:1      | Found a faded altar of an unknown god.
   764 | D:2      | Learned a level 2 spell: Mercury Vapours
   825 | D:2      | Reached skill level 5 in Spellcasting
   825 | D:2      | Reached XP level 3. HP: 25/25 MP: 4/9
  1161 | D:2      | Reached skill level 1 in Invocations
  1765 | D:3      | Reached skill level 1 in Fighting
  1765 | D:3      | Reached skill level 1 in Short Blades
  1765 | D:3      | Reached skill level 1 in Long Blades
  1765 | D:3      | Reached skill level 1 in Axes
  1765 | D:3      | Reached skill level 1 in Maces & Flails
  1765 | D:3      | Reached skill level 1 in Polearms
  1765 | D:3      | Reached skill level 1 in Staves
  1765 | D:3      | Reached skill level 1 in Ranged Weapons
  1765 | D:3      | Reached skill level 1 in Throwing
  1765 | D:3      | Reached skill level 1 in Armour
  1765 | D:3      | Reached skill level 1 in Shields
  1765 | D:3      | Reached skill level 1 in Unarmed Combat
  1765 | D:3      | Reached skill level 1 in Evocations
  1774 | D:3      | Reached skill level 1 in Shapeshifting
  1774 | D:3      | Reached XP level 4. HP: 32/32 MP: 6/11
  1953 | D:3      | Reached skill level 1 in Hexes
  1953 | D:3      | Reached skill level 1 in Summonings
  1953 | D:3      | Reached skill level 1 in Necromancy
  1953 | D:3      | Reached skill level 1 in Translocations
  1953 | D:3      | Reached skill level 1 in Fire Magic
  1953 | D:3      | Reached skill level 1 in Ice Magic
  1953 | D:3      | Reached skill level 1 in Air Magic
  1953 | D:3      | Reached skill level 1 in Earth Magic
  2577 | D:4      | Found Kiseprye's Assorted Antiques.
  2590 | D:4      | Reached XP level 5. HP: 37/37 MP: 8/12
  2790 | D:4      | Reached XP level 6. HP: 44/44 MP: 10/14
  2799 | D:4      | Learned a level 2 spell: Scorch
  2802 | D:4      | Found a sand-covered staircase.
  2807 | Ossuary  | Entered an ossuary
  2841 | Ossuary  | Reached skill level 5 in Dodging
  3441 | Ossuary  | Reached XP level 7. HP: 37/50 MP: 1/15
  4190 | D:4      | Learned a level 3 spell: Mephitic Cloud
  4195 | D:4      | Learned a level 4 spell: Olgreb's Toxic Radiance
  4220 | D:4      | Reached skill level 5 in Stealth
  4796 | D:5      | Entered Level 5 of the Dungeon
  4949 | D:5      | Reached XP level 8. HP: 29/58 MP: 6/16
  5082 | D:5      | Noticed Edmund
  5106 | D:5      | Killed Edmund
  5650 | D:5      | Noticed Pikel
  5659 | D:5      | Killed Pikel
  6069 | D:6      | Reached XP level 9. HP: 65/65 MP: 18/18
  6645 | D:6      | Learned a level 3 spell: Volatile Blastmotes
  6958 | D:7      | Noticed Maggie
  7002 | D:7      | Found a glowing golden altar of the Shining One.
  7057 | D:7      | Found a shimmering altar of Xom.
  7057 | D:7      | Found an ancient bone altar of Kikubaaqudgha.
  7057 | D:7      | Found a shadowy altar of Dithmenos.
  7061 | D:7      | Found a bloodstained altar of Trog.
  7063 | D:7      | Found a radiant altar of Vehumet.
  7065 | D:7      | Found a burning altar of Makhleb.
  7072 | D:7      | Found a sparkling altar of Nemelex Xobeh.
  7073 | D:7      | Found a white marble altar of Elyvilon.
  7181 | D:7      | Found a flagged portal.
  7222 | Bailey   | Entered a bailey
  7377 | Bailey   | Noticed an orc knight
  7383 | Bailey   | Reached skill level 5 in Invocations
  7401 | Bailey   | Noticed an orc knight
  7411 | Bailey   | Killed an orc knight
  7577 | Bailey   | Killed an orc knight
  7578 | Bailey   | Reached skill level 5 in Fighting
  7578 | Bailey   | Reached skill level 5 in Short Blades
  7578 | Bailey   | Reached skill level 5 in Long Blades
  7578 | Bailey   | Reached skill level 5 in Axes
  7578 | Bailey   | Reached skill level 5 in Maces & Flails
  7578 | Bailey   | Reached skill level 5 in Polearms
  7578 | Bailey   | Reached skill level 5 in Staves
  7578 | Bailey   | Reached skill level 5 in Ranged Weapons
  7578 | Bailey   | Reached skill level 5 in Throwing
  7578 | Bailey   | Reached skill level 5 in Armour
  7578 | Bailey   | Reached skill level 5 in Shields
  7578 | Bailey   | Reached skill level 5 in Unarmed Combat
  7578 | Bailey   | Reached skill level 5 in Evocations
  7578 | Bailey   | Reached XP level 10. HP: 62/74 MP: 13/20
  7775 | Bailey   | Noticed an orc knight
  7798 | Bailey   | Killed an orc knight
  7959 | D:7      | Killed Maggie
  7960 | D:7      | Reached skill level 5 in Conjurations
  8090 | D:7      | Found a staircase to the Ecumenical Temple.
  8104 | Temple   | Entered the Ecumenical Temple
  8112 | Temple   | Became a worshipper of Hepliaklqana the Forgotten
  8434 | D:8      | Reached skill level 5 in Shapeshifting
  9054 | D:8      | Identified the ring "Viosmini" {rN+ AC+4}
  9114 | D:8      | Found a staircase to the Lair.
  9476 | D:8      | HP: 2/76 [poisoned by an orc warrior]
  9935 | D:8      | Reached * piety under Hepliaklqana
 10000 | D:8      | Reached skill level 5 in Hexes
 10000 | D:8      | Reached skill level 5 in Summonings
 10000 | D:8      | Reached skill level 5 in Necromancy
 10000 | D:8      | Reached skill level 5 in Translocations
 10000 | D:8      | Reached skill level 5 in Fire Magic
 10000 | D:8      | Reached skill level 5 in Ice Magic
 10000 | D:8      | Reached skill level 5 in Air Magic
 10000 | D:8      | Reached skill level 5 in Earth Magic
 10139 | D:8      | Reached XP level 11. HP: 66/72 MP: 20/22
 10667 | D:4      | Bought a heavily runed cloak for 237 gold pieces
 10667 | D:4      | Identified the +0 cloak of Luesanna {+Inv} (You bought it
                  | in a shop on level 4 of the Dungeon)
 10795 | Lair:1   | Entered Level 1 of the Lair of Beasts
 11519 | D:8      | Slain by a cane toad

Illustrated notes

Levels and vault maps discovered:
D:1:      minmay_arrival_open_corners, layout_rooms,
          hellmonk_ecumenical_altar_inner_sanctum, kennysheep_another_room
D:2:      layout_basic, serial_rivers, chequers_serial_rivers_small_b,
          chequers_serial_rivers_micro_b, chequers_serial_rivers_large_b,
          chequers_serial_rivers_micro_b, chequers_serial_rivers_micro_e,
          bh_walls_and_bars
D:3:      kennysheep_big_flooded_room, layout_loops_ring, nicolae_eternal_life
D:4:      layout_rooms, serial_shops, shop, enter_ossuary_5,
          serial_library_hellmonk_octagon
D:5:      layout_cave_pools, hex_tiny, uniq_pikel, uniq_edmund
D:6:      layout_loops_cross
D:7:      layout_rooms, nicolae_overflow_hallway_of_the_gods,
          mainiacjoe_overflow_paths, minmay_temple_entry_glassed_door,
          enter_bailey_8, uniq_maggie
D:8:      layout_basic, erik_lair_island, dreamdust_princess_bridge,
          kennysheep_small_square
Temple:   dshaligram_water_room_temple
Lair:1:   layout_regular_city

Skill      XL: |  1  2  3  4  5  6  7  8  9 10 11 |
---------------+----------------------------------+-----
Conjurations   | 2 3 4 5 |  5.9
Spellcasting   | 5 6 7 8 |  8.4
Invocations    | 1 2 3 4 5 6 7 |  7.2
Fighting       | 1 2 3 5 6 |  6.6
Short Blades   | 1 2 3 5 6 |  6.6
Long Blades    | 1 2 3 5 6 |  6.6
Axes           | 1 2 3 5 6 |  6.6
Maces & Flails | 1 2 3 5 6 |  6.6
Polearms       | 1 2 3 5 6 |  6.6
Staves         | 1 2 3 5 6 |  6.6
Ranged Weapons | 1 2 3 5 6 |  6.6
Throwing       | 1 2 3 5 6 |  6.6
Armour         | 1 2 3 5 6 |  6.6
Shields        | 1 2 3 5 6 |  6.6
Unarmed Combat | 1 2 3 5 6 |  6.6
Evocations     | 1 2 3 5 6 |  6.6
Shapeshifting  | 1 2 3 4 5 6 |  6.0
Hexes          | 1 2 3 4 5 |  5.4
Summonings     | 1 2 3 4 5 |  5.4
Necromancy     | 1 2 3 4 5 |  5.4
Translocations | 1 2 3 4 5 |  5.4
Fire Magic     | 1 2 3 4 5 |  5.4
Ice Magic      | 1 2 3 4 5 |  5.4
Air Magic      | 1 2 3 4 5 |  5.4
Earth Magic    | 1 2 3 4 5 |  5.4
Dodging        | 5 6 7 8 |  8.1
Stealth        | 5 6 7 |  7.9
Alchemy        | 6 7 |  7.8

Action                     |  1- 3 |  4- 6 |  7- 9 | 10-12 || total
---------------------------+-------+-------+-------+-------++-------
  Melee: Club              |     9 |       |       |       ||     9
         Bite              |     1 |     8 |    15 |    25 ||    49
         Whip              |       |    15 |    64 |    81 ||   160
         Dagger            |       |    24 |    16 |       ||    40
         Punch             |       |     2 |       |     6 ||     8
         Hand axe          |       |       |     4 |       ||     4
         Dire flail        |       |       |       |    57 ||    57
   Fire: Sling             |       |       |    52 |    43 ||    95
  Throw: Stone             |       |    11 |     2 |       ||    13
         Boomerang         |       |       |       |     3 ||     3
   Cast: Sting             |    43 |    31 |   101 |    65 ||   240
         Mercury Vapours   |     4 |     6 |    21 |    23 ||    54
         Scorch            |       |    31 |    50 |    34 ||   115
         Olgreb's Toxic Ra |       |       |    13 |    20 ||    33
         Mephitic Cloud    |       |       |     6 |     7 ||    13
         Volatile Blastmot |       |       |     3 |     3 ||     6
 Invoke: Ancestor Identity |       |       |       |     1 ||     1
         Recall Ancestor   |       |       |       |     1 ||     1
    Use: Scroll            |       |       |    10 |     2 ||    12
         Potion            |       |       |     1 |     5 ||     6
 Armour: Robe              |     4 |    33 |    75 |       ||   112
         Leather armour    |       |       |    27 |     3 ||    30
         Ring mail         |       |       |       |   226 ||   226
  Dodge: Dodged            |    13 |    43 |   101 |   156 ||   313
